 Dungeon Crawl Stone Soup version 0.28-a0-535-g6f645e4c1d (webtiles) character file.

Game seed: 8947443485653084441

150 Spaninq the Chopper (level 5, -2/46 HPs)
             Began as a Hill Orc Warper on Sept 26, 2021.
             Slain by a river rat (4 damage)
             ... in a sewer.
             The game lasted 00:07:02 (3682 turns).

Spaninq the Chopper (Hill Orc Warper)               Turns: 3682, Time: 00:07:02

Health: -2/46      AC:  6    Str: 15    XL:     5   Next: 32%
Magic:  7/7        EV:  9    Int: 13    God:
Gold:   94         SH:  0    Dex: 10    Spells: 7/7 levels left

rFire   . . .      SeeInvis .   a - +0 hand axe
rCold   + . .      Faith    .   (no shield)
rNeg    . . .      Spirit   .   f - +0 scale mail
rPois   .          Reflect  .   (no helmet)
rElec   .          Harm     .   (no cloak)
rCorr   .          Rampage  .   (no gloves)
Will    .....                   (no boots)
Stlth   ..........              (no amulet)
HPRegen 0.15/turn               j - ring of protection from cold
MPRegen 0.10/turn               (no ring)

@: no status effects
A: no striking features
a: no special abilities


You were in a sewer.
You visited 1 branch of the dungeon, and saw 3 of its levels.
You also visited: Sewer.

You collected 94 gold pieces.

Inventory:

Hand Weapons
 a - a +0 hand axe (weapon)
Missiles
 d - 5 boomerangs of dispersal (quivered)
Armour
 f - a +0 scale mail (worn)
Jewellery
 j - a ring of protection from cold (left hand)
Scrolls
 b - a scroll of identify
 c - a scroll of blinking
 e - a scroll of immolation
 h - a scroll of teleportation
Potions
 g - a potion of brilliance
 i - a potion of magic
 k - 2 potions of attraction
 l - 2 potions of cancellation
 m - a potion of heal wounds {unknown}


   Skills:
 + Level 3.8 Fighting
 * Level 5.3 Axes
 - Level 0.8 Throwing
 + Level 2.8 Armour
 - Level 1.5 Dodging
 - Level 1.5 Spellcasting
 - Level 2.4 Translocations


You had 7 spell levels left.
You didn't know any spells.
Your spell library contained the following spells:

 Spells                   Type           Power      Damage    Failure   Level
 Blink                    Tloc           N/A        N/A       50%         2
 Gell's Gravitas          Tloc           3%         N/A       75%         3
 Lesser Beckoning         Tloc           7%         N/A       75%         3
 Teleport Other           Tloc           7%         N/A       75%         3
 Corpse Rot               Necr/Air       N/A        N/A       83%         2
 Poisonous Vapours        Pois/Air       2%         N/A       83%         2
 Manifold Assault         Tloc           7%         N/A       100%        5


Dungeon Overview and Level Annotations

Branches:
Dungeon (3/15)              Sewer (1/1)

Altars:
Yredelemnul

Annotations:
D:3 Grinder


Message History

You closely miss the river rat.
The river rat is almost dead.
You closely miss the river rat.
The river rat bites you but does no damage. x2
You closely miss the river rat.
The river rat is almost dead.
You hit the river rat. The river rat closely misses you.
The river rat bites you!
You hit the river rat but do no damage.
The river rat is lightly wounded.
You hit the rat. You closely miss the river rat.
The river rat bites you but does no damage.
The river rat bites you. The rat closely misses you.
You hit the river rat but do no damage.
The river rat is almost dead.
You hit the river rat but do no damage. You hit the rat but do no damage.
A rat comes into view.
The river rat bites you but does no damage.
The river rat bites you. The rat bites you but does no damage.
You hit the rat.
You kill the rat!
Your scale mail prevents you from hitting the river rat.
You hit the river rat but do no damage. The river rat barely misses you. x2
You barely miss the river rat.
The river rat is severely wounded.
You hit the river rat but do no damage. The river rat bites you!
* * * LOW HITPOINT WARNING * * *
The river rat completely misses you.
Unknown command.
A frilled lizard comes into view.
The frilled lizard hisses angrily.
The river rat bites you.
* * * LOW HITPOINT WARNING * * *
The river rat bites you.
* * * LOW HITPOINT WARNING * * *
You see here a rat skeleton.
There is a gate leading back out of this place here.
It was a potion of cancellation.
You feel magically purged. The river rat bites you.
You die...

≈≈≈≈..≈≈..≈≈≈≈≈≈≈≈≈≈≈≈≈≈≈≈≈≈≈≈
≈≈≈≈........≈≈≈≈≈≈≈≈≈≈≈≈≈≈≈≈#####
.≈..........≈≈≈≈≈..≈..≈≈≈≈≈≈#..#.
.....................≈≈≈...≈#....
............................')...
..†............##...........#)...
..†..##.......#####........##..#.
...#####..##..l######...#########
.######..#####rr@# ##### ##
#∩..## ##### #####


You could see 2 river rats and a frilled lizard.

Vanquished Creatures
  A river rat (Sewer)
  4 adders (D:2)
  A dart slug (D:2)
  2 worms (D:2)
  4 ball pythons
  7 endoplasms
  5 giant cockroaches
  5 goblins
  6 hobgoblins
  12 jackals (D:1)
  9 kobolds
  6 quokkas
  7 bats
  A frilled lizard (D:2)
  18 rats
88 creatures vanquished.

Vanquished Creatures (others)
  15 plants (D:2)
15 creatures vanquished.

Grand Total: 103 creatures vanquished

Notes
Turn   | Place    | Note
-------+----------+-------------------------------------------
     0 | D:1      | Spaninq the Hill Orc Warper began the quest for the Orb.
     0 | D:1      | Reached XP level 1. HP: 18/18 MP: 3/3
   174 | D:1      | Reached skill level 3 in Axes
   198 | D:1      | Reached XP level 2. HP: 23/25 MP: 4/4
   466 | D:1      | Reached XP level 3. HP: 22/30 MP: 5/5
   767 | D:1      | Reached skill level 4 in Axes
  1169 | D:2      | Reached XP level 4. HP: 17/38 MP: 6/6
  2680 | D:2      | Reached skill level 5 in Axes
  3054 | D:2      | Reached XP level 5. HP: 39/46 MP: 7/7
  3159 | D:3      | Found a faded altar of an unknown god.
  3189 | D:3      | Found a basalt altar of Yredelemnul.
  3221 | D:3      | Found a glowing drain.
  3223 | D:3      | Noticed Grinder
  3266 | Sewer    | Entered a sewer
  3680 | Sewer    | HP: 2/46 [river rat (6)]
  3682 | Sewer    | Slain by a river rat

Illustrated notes

Levels and vault maps discovered:
D:1:      elethiomel_arrival_fortress_basement, layout_rooms,
          minmay_split_cup_small
D:2:      layout_basic, serial_forest, infiniplex_forest_clump_large,
          infiniplex_forest_pool, infiniplex_forest_clump_small,
          infiniplex_forest_clump_small, infiniplex_forest_clump_small,
          infiniplex_forest_clump_tiny, infiniplex_forest_clump_curved,
          st_stairs_2
D:3:      layout_rooms, nicolae_uskayaw_dance_hall,
          mainiacjoe_overflow_concentric_impassable, portal_sewer_entry_a,
          chequers_ecumenical_altar_lobes, minmay_misc_feat_room, uniq_grinder
Sewer:    sewer_minmay_treatment

Skill      XL: |  1  2  3  4 |
---------------+-------------+-----
Axes           | 3 4 5 |  5.3
Fighting       | 3 |  3.8
Armour         | 2 |  2.8
Throwing       | |  0.8
Dodging        | |  1.5
Spellcasting   | |  1.5
Translocations | |  2.4

Action                   |  1- 3 |  4- 6 || total
-------------------------+-------+-------++-------
Melee: Hand axe          |   174 |   191 ||   365
  Use: Potion            |       |     2 ||     2
       Scroll            |       |     5 ||     5
Armor: Scale mail        |    95 |    76 ||   171
Dodge: Dodged            |    92 |    89 ||   181

Table legend: (Time is in decaauts)
 A = Elapsed time spent in this place.
 B = Non-inter-level travel time spent in this place.
 C = Inter-level travel time spent in this place.
 D = Time resting spent in this place.
 E = Time spent auto-exploring this place.
 F = Levels seen in this place.
 G = Mean time per level.
                   A        B        C        D        E       F      G
               +--------+--------+--------+--------+--------+-----+--------+
         Total |   3714 |   3689 |     25 |    735 |   2107 |   4 |  928.5 |
       Dungeon |   3297 |   3272 |     25 |    619 |   1941 |   3 | 1099.0 |
         Sewer |    417 |    417 |      0 |    116 |    166 |   1 |  417.0 |
               +--------+--------+--------+--------+--------+-----+--------+

Top non-repeatable levels by time:
     D:2: 2027 daAuts
     D:1: 1154 daAuts
   Sewer: 417 daAuts
     D:3: 115 daAuts
